 Dungeon Crawl Stone Soup version 0.30-a0-950-gbf40cfac39 (webtiles) character file.

Game seed: 9565167130391617698

308886 112233 the Eclecticist (level 19, -2/124 HPs)
             Began as a Demonspawn Ice Elementalist on Mar 28, 2023.
             Was the Champion of Vehumet.
             Killed by divine providence
             ... invoked by a smoke demon
              (10 damage)
             ... on level 7 of the Abyss.
             The game lasted 02:00:28 (52855 turns).

112233 the Eclecticist (DsIE)                      Turns: 52855, Time: 02:00:29

Health: -2/124     AC: 13    Str:  8 (9)  XL:     19   Next: 97%
Magic:  39/39      EV: 24    Int: 20 (22) God:    Vehumet [******]
Gold:   1126       SH:  6    Dex: 23      Spells: 9/51 levels left

rFire   + + .      SeeInvis +    S - +3 Elemental Staff {rElec rF++ rC++ AC+5}
rCold   + + .      Faith    .    Q - +0 buckler
rNeg    . . .      Spirit   .    a - +0 robe
rPois   .          Reflect  .    (helmet unavailable)
rElec   +          Rampage  .    I - scarf of the Evening Star {shadows, rF+ Will- Regen+}
rCorr   .                        Z - +0 pair of fencer's gloves {Riposte Dex+3}
Will    .....                    D - +0 pair of boots
Stlth   +++++                    U - amulet of regeneration
HPRegen 0.00/turn                E - ring of see invisible
MPRegen 0.26/turn                j - +4 ring of protection

@: sick, silenced, invisible
A: horns 3, thin skeletal structure 2, demonic guardian 2, spiny 2, augmentation
1, deterioration 2, heat vulnerability 1, subdued magic 1, [frail 2]
}: 3/15 runes: decaying, serpentine, abyssal
a: Renounce Religion


You were on level 7 of the Abyss.
You worshipped Vehumet.
Vehumet was exalted by your worship.
You visited 7 branches of the dungeon, and saw 34 of its levels.
You visited the Abyss 1 time.
You also visited: Gauntlet.

You collected 3503 gold pieces.
You spent 2377 gold pieces at shops.

Inventory:

Hand Weapons
 S - the +3 Elemental Staff (weapon) {rElec rF++ rC++ AC+5}
   (You found it in a Gauntlet)

   It enhances your fire, ice, earth and air magic.
   AC:        It affects your AC (+5).
   rF:        It greatly protects you from fire.
   rC:        It greatly protects you from cold.
   rElec:     It insulates you from electricity.
Missiles
 s - 5 throwing nets
Armour
 a - a +0 robe (worn)
 l - a +1 kite shield of reflection
 D - a +0 pair of boots (worn)
 I - the scarf of the Evening Star (worn) {shadows, rF+ Will- Regen+}
   (You found it on level 7 of the Dungeon)

   rF:        It protects you from fire.
   Regen:     It increases your rate of health regeneration.
   Will:      It decreases your willpower.
 Q - a +0 buckler (worn)
 Z - the +0 pair of fencer's gloves (worn) {Riposte Dex+3}
   (You acquired it on level 2 of the Swamp)

   Riposte:   It allows the wearer to riposte with melee weapons, swiftly
   retaliating against missed or blocked melee attacks.
   Dex:       It affects your dexterity (+3).
Jewellery
 j - a +4 ring of protection (right hand)
 E - a ring of see invisible (left hand)
 G - a +5 ring of evasion
 P - a +4 ring of slaying
 U - an amulet of regeneration (around neck)
 V - the ring "Minentor" {Fire rCorr Int+3 Dex+3}
   (You found it in a Gauntlet)

   [ring of fire]

   It enhances your fire magic.
   Int:       It affects your intelligence (+3).
   Dex:       It affects your dexterity (+3).
   rF:        It protects you from fire.
   rC:        It makes you vulnerable to cold.
   rCorr:     It protects you from acid and corrosion.
 X - a ring of wizardry
Wands
 r - a wand of light (23)
 u - a wand of paralysis (21)
 y - a wand of iceblast (64)
 Y - a wand of mindburst (10)
Scrolls
 c - 7 scrolls of immolation
 d - 15 scrolls of identify
 e - 2 scrolls of blinking
 h - 6 scrolls of vulnerability
 i - a scroll of summoning
 k - 5 scrolls of torment
 n - 6 scrolls of fear
 o - 5 scrolls of silence
 p - a scroll of amnesia
 q - 8 scrolls of enchant armour
 x - 9 scrolls of teleportation
 A - 8 scrolls of fog
 B - 3 scrolls of brand weapon
 N - a scroll of poison
 R - a scroll of magic mapping
Potions
 b - 3 potions of magic
 g - 7 potions of cancellation
 t - 5 potions of resistance
 v - 4 potions of brilliance
 w - 7 potions of flight
 z - 4 potions of mutation
 C - 2 potions of lignification
 H - a potion of berserk rage
 J - 3 potions of attraction
 K - a potion of invisibility
 M - 5 potions of ambrosia
 W - 3 potions of might
Miscellaneous
 f - a tin of tremorstones (inert)
 m - a lightning rod (4/4)
 O - a box of beasts
 T - a condenser vane (inert)


   Skills:
 + Level 15.4 Fighting
 + Level 11.0 Staves
 + Level 14.3 Dodging
 + Level 3.9 Stealth
 - Level 5.1 Shields
 + Level 16.9 Spellcasting
 - Level 10.5 Conjurations
 * Level 15.6 Ice Magic
 - Level 8.6 Evocations


You had 9 spell levels left.
You knew the following spells:

 Your Spells              Type           Power      Damage    Failure   Level
a - Freezing Cloud        Conj/Ice/Air   37%        6-21      1%          5
b - Ozocubu's Armour      Ice            75%        N/A       0%          3
c - Ozocubu's Refrigerat  Ice            37%        4d15      1%          7
d - Summon Ice Beast      Ice/Summ       53%        N/A       1%          4
e - Passwall              Tmut/Erth      15%        N/A       5%          2
f - Frozen Ramparts       Ice            100%       1d16      0%          3
g - Fireball              Conj/Fire      21%        3d10      3%          5
h - Apportation           Tloc           26%        N/A       3%          1
i - Freeze                Ice            100%       1d10      0%          1
j - Irradiate             Conj/Tmut      14%        3d16      3%          5
k - Simulacrum            Ice/Necr       26%        N/A       22%         6

Your spell library contained the following spells:

 Spells                   Type           Power      Damage    Failure   Level
 Polar Vortex             Ice            37%        N/A       82%         9
 Fire Storm               Conj/Fire      21%        8d6       100%        9
 Shatter                  Erth           9%         3d11*     100%        9
 Kiss of Death            Conj/Necr      100%       2d13      1%          1
 Ensorcelled Hibernation  Hex/Ice        100%       N/A       1%          2
 Dazzling Flash           Conj/Hex       58%        N/A       1%          3
 Iskenderun's Battlesphe  Conj           45%        2d10      1%          5
 Necrotise                Necr           52%        1d6       3%          1
 Summon Small Mammal      Summ           52%        N/A       3%          1
 Metabolic Englaciation   Hex/Ice        26%        N/A       3%          5
 Sublimation of Blood     Necr           13%        N/A       5%          2
 Wereblood                Tmut           13%        N/A       5%          2
 Confusing Touch          Hex            13%        N/A       11%         3
 Portal Projectile        Hex/Tloc       26%        N/A       11%         3
 Spider Form              Tmut/Pois      13%        N/A       11%         3
 Swiftness                Air            19%        N/A       11%         3
 Tukima's Dance           Hex            13%        N/A       11%         3
 Airstrike                Air            9%         2d(2-18)  11%         4
 Orb of Destruction       Conj           22%        9d8       12%         7
 Conjure Ball Lightning   Conj/Air       21%        3x3d6     17%         6
 Iron Shot                Conj/Erth      21%        9d5       17%         6
 Plasma Beam              Fire/Air       14%        2x1d28    28%         5
 Anguish                  Hex/Necr       6%         N/A       36%         4
 Animate Armour           Summ/Erth      38%        N/A       36%         4
 Animate Dead             Necr           13%        N/A       36%         4
 Dispel Undead            Necr           13%        3d9       36%         4
 Manifold Assault         Tloc           13%        N/A       36%         4
 Passage of Golubria      Tloc           13%        N/A       36%         4
 Petrify                  Tmut/Erth      19%        N/A       36%         4
 Summon Lightning Spire   Summ/Air       19%        N/A       36%         4
 Agony                    Necr           13%        N/A       73%         5
 Blade Hands              Tmut           6%         N/A       73%         5
 Silence                  Hex/Air        9%         N/A       73%         5
 Dispersal                Tloc           6%         N/A       99%         6
 Lehudib's Crystal Spear  Conj/Erth      21%        10d6      99%         8
 Haunt                    Necr/Summ      6%         N/A       100%        7
 Summon Hydra             Summ           6%         N/A       100%        7
 Disjunction              Tloc           6%         N/A       100%        8
 Infestation              Necr           6%         N/A       100%        8


Dungeon Overview and Level Annotations

Branches:
Dungeon (15/15)            Temple (1/1) D:4            Lair (5/5) D:10
  Swamp (4/4) Lair:2        Snake (4/4) Lair:3        Slime (0/5) Lair:4
    Orc (2/2) D:12            Elf (0/3) Orc:2        Vaults (3/5) D:14
  Crypt (0/3) Vaults:2     Depths (0/4) D:15        Gauntlet (visited)

Altars:
Ashenzari
Cheibriados
Dithmenos
Fedhas
Gozag
Hepliaklqana
Kikubaaqudgha
Makhleb
Nemelex Xobeh
Okawaru
Qazlal
Ru
Sif Muna
Trog
Uskayaw
Vehumet
Wu Jian
Xom
Yredelemnul
Lugonu

Shops:
D:6 [   D:7 ([(=!   D:13 =   Orc:2 ?*=([*   Vaults:1 (   Vaults:2 !

Portals:
Abyss: Lair:5

Annotations:
D:11 exclusion: downstairs
Lair:2 exclusion: oklob plant
Lair:4 exclusion: downstairs
Swamp:2 Roxanne


Innate Abilities, Weirdness & Mutations

You have a pair of large horns on your head.
You have a moderately thin skeletal structure. (Dex +4, Stealth++)
A demonic guardian rushes to your aid.
You are mostly covered in sharp spines.
Your magical and physical power is slightly enhanced at high health.
Your body often deteriorates upon taking damage.
You are vulnerable to heat. (rF-)
Your spells are a little easier to cast, but a little less powerful.
[You are very frail. (-20% HP)]


Message History

Your sun demon twists and deforms.
Your sun demon barely misses the large abomination.
The sun demon is struck by your spines. The sun demon hits you!
* * * LOW HITPOINT WARNING * * *
You are engulfed in flames.
You resist.
* * * LOW HITPOINT WARNING * * *
The crystal guardian barely misses you.
You feel ill.
The ophan is engulfed in freezing vapours.
A spatial vortex comes into view.
The starcursed mass shrieks in your mind.
* * * LOW HITPOINT WARNING * * *
A spatial vortex and a profane servitor come into view.
The profane servitor is wielding a +1 vampiric demon whip.
Unknown command.
Magic scrolls do not work when you're silenced!
Unknown command.
You fade into invisibility!
The spatial maelstrom completely misses you.
You riposte.
You hit the spatial maelstrom but do no damage.
You electrocute the spatial maelstrom!
You headbutt the spatial maelstrom.
The spatial maelstrom is severely damaged.
The spatial maelstrom completely misses you.
Your sun demon hits the large abomination!
The large abomination is engulfed in flames!
The raiju bursts into living lightning!
The living lightning hits the wretched star.
The wretched star resists.
The living lightning misses you.
The living lightning hits the raiju.
The raiju completely resists.
The raiju blinks! x2; The large abomination misses you.
The sun demon is struck by your spines. The sun demon closely misses you.
You riposte.
You catch the helpless sun demon completely off-guard!
You hit the sun demon but do no damage. You crush the sun demon!
The sun demon is severely wounded.
The spatial vortex barely misses your sun demon.
The crystal guardian closely misses you.
The smoke demon gestures at you. Something smites you!
You die...

§§### .##.
###v#§§##..X.
.§§#X.○§.....
. #§§#§v3†.§#
#
##vv§3X..v#.#
# ##§§33X*x#
.# # ..#
.v.Xhh@#.#.
.#. §.
#.vx.v9# .'.
.#
.#.A.#GW.§..
# . #v##v§#X.
# # .# #
.~.§#v#.# #
## .#.§#§## #
# ##..# . #.
.


You could see a profane servitor, a starcursed mass, an ophan (unsilenced), a
tentacled starspawn (unsilenced, unable to see you), a spatial maelstrom
(blind), a wretched star (unsilenced), a crystal guardian (unsilenced), 2 sun
demons, 10 spatial vortices, 2 ancient zymes, 2 thrashing horrors, 2 large
abominations, a silent spectre (silencing), a smoke demon (unsilenced, unable to
see you), 2 raiju and a friendly sun demon (summoned, misshapen).

Vanquished Creatures
  A juggernaut (Abyss:3)
  A tentacled monstrosity (Swamp:4)
  2 liches
  2 sphinxes
  8 tentacled starspawn
  A thorn hunter (Swamp:4)
  Donald (Orc:2)
  Kirke (D:14)
  5 nagarajas
  2 fenstrider witches (Swamp:3)
  A fire giant (Vaults:1)
  A balrug (Abyss:7)
  3 vault wardens
  A deep elf sorcerer (Vaults:2)
  2 angels
  A ghoul (Vaults:2)
  An orc warlord (Vaults:2)
  5 ironbound preservers
  2 ophanim (Abyss:3)
  12 very ugly things
  5 ironbound thunderhulks
  A deep elf demonologist (Vaults:1)
  2 eleionomae
  A dire elephant (Vaults:1)
  A minotaur (Gauntlet)
  Snorg (D:14)
  3 bunyips (Swamp:3)
  A blizzard demon (Abyss:5)
  A fire dragon (D:12)
  An ettin (D:15)
  5 yaktaur captains
  A jiangshi (Vaults:2)
  2 great orbs of eyes
  3 ironbound frosthearts
  4 salamander tyrants
  An ogre mage (D:14)
  10 hydras
  2 ghost crabs
  3 ice dragons (Swamp:4)
  10 anacondas
  A peacekeeper (Vaults:2)
  4 centaur warriors
  2 dancing weapons (Abyss:3)
  A death knight (Vaults:2)
  2 boulder beetles
  8 two-headed ogres
  14 naga warriors
  2 tengu warriors (D:15)
  10 alligators
  8 thrashing horrors
  11 naga sharpshooters
  A spriggan berserker (Swamp:2)
  6 shock serpents
  Nergalle (D:11)
  13 spriggans
  5 salamander mystics
  A sea snake (Snake:1)
  A wretched star (Abyss:2)
  A fire crab (shapeshifter) (D:15)
  A glowing orange brain (Vaults:2)
  12 deep trolls
  A spatial maelstrom (Abyss:7)
  3 goliath frogs
  2 cherubim (Abyss:3)
  2 sixfirhies (Abyss:2)
  7 swamp dragons
  A death drake (Swamp:2)
  5 wizards
  4 spriggan druids
  3 bog bodies
  5 naga ritualists
  2 deep elf pyromancers
  8 ironbound convokers
  8 mana vipers
  4 lindwurms
  2 necromancers
  5 orc knights
  An orc sorcerer (D:7)
  2 oklob plants (D:10)
  7 salamanders
  A worldbinder (Abyss:3)
  3 cyclopes
  15 elephants
  3 manticores
  23 ugly things
  2 will-o-the-wisps
  Joseph (D:7)
  Maurice (D:12)
  38 black mambas
  6 vault sentinels
  19 naga magi
  3 smoke demons
  3 guardian serpents
  8 cane toads
  2 gargoyles
  3 unseen horror zombies (D:9)
  30 yaktaurs
  5 freezing wraiths
  9 komodo dragons
  An unseen horror (D:11)
  A kobold demonologist (D:12)
  2 rime drakes (Lair:5)
  A polar bear (Lair:5)
  4 ancient zymes
  A bloated husk (Swamp:4)
  A queen bee (shapeshifter) (D:14)
  A merfolk (shapeshifter) (Vaults:2)
  4 trolls
  A hellwing (Abyss:3)
  6 tyrant leeches
  13 hornets
  6 blink frogs
  7 raiju
  17 slime creatures
  5 dream sheep
  3 shadows (Gauntlet)
  A water elemental (D:14)
  8 large abominations
  3 ynoxinuls
  52 yaks
  3 wyverns
  3 basilisks (Lair:5)
  2 chaos spawn
  7 swamp worm simulacra (Swamp:4)
  11 starcursed masses
  5 wraiths
  9 vampire mosquitoes
  4 golden eyes (Abyss:5)
  4 neqoxecs
  A hog (D:15)
  Menkaure (D:4)
  6 spatial vortices (Abyss:7)
  2 steam dragons (D:6)
  40 nagas
  2 wargs
  13 swamp worms
  16 hydra simulacra (Swamp:4)
  9 water moccasins
  6 swamp drakes
  24 orc warriors
  2 sky beasts
  A black bear (D:6)
  3 ice beasts
  17 centaurs
  6 ogres
  A boggart (Vaults:2)
  6 wolves (Lair:1)
  2 kobold brigands (D:6)
  An earth elemental (Abyss:5)
  10 bullfrogs
  2 scorpions
  3 wights (D:8)
  20 small abominations
  4 killer bees (D:10)
  3 nameless horrors
  8 electric eels
  6 howler monkeys
  A quasit (Abyss:3)
  3 hounds
  10 jellies
  10 orc priests
  A gnoll bouda (D:4)
  A sleepcap (D:6)
  21 orc wizards
  Ijyb (D:5)
  Natasha (thrice) (D:2)
  3 iguanas
  A killer bee zombie (D:9)
  A boggart simulacrum (D:15)
  3 howler monkey zombies (D:9)
  11 gnolls
  3 adders
  4 white imps
  3 ufetubi (Abyss:3)
  3 worms
  A dart slug (D:1)
  106 orcs
  4 ball pythons
  15 endoplasms
  4 giant cockroaches
  7 goblins
  7 hobgoblins
  5 quokkas
  5 bats
  2 frilled lizards
  18 kobolds
  6 rats
  A briar patch (Swamp:4)
  4 starspawn tentacles
1132 creatures vanquished.

Vanquished Creatures (collateral kills)
  Jorgrun (Swamp:2)
  Rupert (D:13)
  An acid blob (Abyss:5)
  A tengu reaver (Vaults:1)
  A nagaraja (Snake:3)
  An ironbound preserver (Vaults:2)
  2 eleionomae
  An entropy weaver (Vaults:1)
  A yaktaur captain (Vaults:2)
  A great orb of eyes (Vaults:1)
  A hydra (Lair:5)
  2 centaur warriors
  An ironbound frostheart (Vaults:2)
  An ogre mage (D:15)
  A boulder beetle (D:12)
  2 anacondas (Snake:3)
  3 two-headed ogres (D:15)
  2 alligators
  A naga warrior (Snake:4)
  2 naga sharpshooters
  A shock serpent (shapeshifter) (D:15)
  6 shock serpents
  A fire crab (Lair:5)
  2 skysharks
  2 goliath frogs
  A salamander mystic (Snake:4)
  A swamp dragon (Swamp:2)
  4 bog bodies
  A wizard (Vaults:2)
  2 ugly things (Lair:5)
  A lindwurm (Vaults:2)
  2 mana vipers
  An orc knight (D:15)
  3 salamanders
  2 will-o-the-wisps
  2 cyclopes
  2 elephants
  6 black mambas
  A guardian serpent (Snake:4)
  A naga mage (Snake:2)
  2 cane toads
  3 komodo dragons
  3 yaktaurs
  An ancient zyme (Abyss:7)
  5 tyrant leeches
  A hornet (Swamp:2)
  2 dream sheep (Lair:4)
  8 blink frogs
  5 slime creatures
  A shadow (D:10)
  A spriggan (Swamp:2)
  A basilisk (shapeshifter) (D:13)
  A culicivora (shapeshifter) (Lair:5)
  2 ynoxinuls (Lair:5)
  3 wraiths
  13 yaks
  A wyvern (Lair:4)
  2 large abominations
  A vampire mosquito (Swamp:1)
  7 nagas
  4 swamp worms
  An acid dragon (D:13)
  4 water moccasins
  8 orc warriors (Orc:2)
  A sky beast (D:8)
  3 wolves (Lair:1)
  4 bullfrogs
  A wight (D:8)
  2 howler monkeys (D:12)
  An electric eel (D:12)
  5 orc priests
  2 orc wizards (Orc:2)
  4 small abominations (Lair:5)
  2 human simulacra (D:12)
  2 howler monkey zombies (D:9)
  A white imp (D:8)
  A swamp drake simulacrum (Swamp:4)
  6 orcs
184 creatures vanquished.

Vanquished Creatures (others)
  A bunyip (Swamp:4)
  A blizzard demon (Abyss:5)
  An alligator (Swamp:4)
  A bloated husk (Swamp:1)
  A nameless horror (Orc:2)
  An orc priest (D:6)
  An orc wizard (D:10)
  2 orcs
  2 bushes (Lair:5)
  27 demonic plants (Gauntlet)
  18 foxfires
  36 fungi
  A lurking horror (Abyss:2)
  62 plants
  17 starspawn tentacles
  9 toadstools
181 creatures vanquished.

Grand Total: 1497 creatures vanquished

Notes
Turn   | Place    | Note
-------+----------+-------------------------------------------
     0 | D:1      | 112233 the Demonspawn Ice Elementalist began the quest for
                  | the Orb.
     0 | D:1      | Reached XP level 1. HP: 13/13 MP: 3/3
   252 | D:1      | Gained mutation: You have a somewhat thin skeletal
                  | structure. (Dex +2, Stealth+) [demonic ancestry]
   252 | D:1      | Reached XP level 2. HP: 19/19 MP: 3/5
   576 | D:1      | Reached skill level 3 in Spellcasting
   895 | D:1      | Reached XP level 3. HP: 24/24 MP: 3/7
   954 | D:1      | Found a faded altar of an unknown god.
  1164 | D:2      | Noticed Natasha
  1183 | D:2      | Killed Natasha
  1277 | D:2      | Noticed Natasha
  1284 | D:2      | Killed Natasha
  1285 | D:2      | Reached skill level 4 in Spellcasting
  1285 | D:2      | Reached XP level 4. HP: 7/30 MP: 6/10
  1289 | D:2      | Learned a level 3 spell: Frozen Ramparts
  1293 | D:2      | Learned a level 3 spell: Ozocubu's Armour
  1405 | D:2      | Noticed Natasha
  1807 | D:2      | Killed Natasha
  1808 | D:2      | Gained mutation: You are partially covered in sharp spines.
                  | [demonic ancestry]
  1808 | D:2      | Reached XP level 5. HP: 32/35 MP: 8/11
  2386 | D:3      | Reached skill level 5 in Spellcasting
  2592 | D:3      | Gained mutation: You have a pair of small horns on your
                  | head. [demonic ancestry]
  2592 | D:3      | Reached XP level 6. HP: 39/41 MP: 8/13
  3175 | D:4      | Reached skill level 5 in Ice Magic
  3357 | D:4      | Gained mutation: You have a moderately thin skeletal
                  | structure. (Dex +4, Stealth++) [demonic ancestry]
  3357 | D:4      | Reached XP level 7. HP: 33/46 MP: 7/15
  3674 | D:4      | Found a staircase to the Ecumenical Temple.
  3686 | Temple   | Entered the Ecumenical Temple
  3875 | Temple   | Became a worshipper of Vehumet
  3934 | D:4      | Reached skill level 6 in Spellcasting
  4350 | D:4      | Found a burning altar of Makhleb.
  4350 | D:4      | Noticed a balrug
  4539 | D:4      | Noticed Menkaure
  4544 | D:4      | Killed Menkaure
  4713 | D:5      | Entered Level 5 of the Dungeon
  4721 | D:4      | Learned a level 4 spell: Summon Ice Beast
  4724 | D:4      | Learned a level 2 spell: Passwall
  4854 | D:5      | Noticed Ijyb
  4865 | D:5      | Killed Ijyb
  5304 | D:5      | Gained mutation: You have a pair of horns on your head.
                  | [demonic ancestry]
  5304 | D:5      | Reached XP level 8. HP: 39/52 MP: 10/18
  5605 | D:5      | Found a snail-covered altar of Cheibriados.
  5701 | D:6      | Reached * piety under Vehumet
  5701 | D:6      | Offered knowledge of Shock by Vehumet.
  5702 | D:6      | Reached skill level 7 in Spellcasting
  6488 | D:6      | Reached skill level 8 in Spellcasting
  6591 | D:6      | Offered knowledge of Scorch by Vehumet.
  6771 | D:6      | Found Afawusom's Armour Emporium.
  6774 | D:6      | Bought a +0 pair of boots for 63 gold pieces
  6774 | D:6      | Bought a +0 cloak for 63 gold pieces
  7182 | D:6      | Reached XP level 9. HP: 23/57 MP: 12/21
  7184 | D:6      | Found a shimmering blue altar of Sif Muna.
  7344 | D:7      | Found Xuronuyh's Antique Weapon Emporium.
  7347 | D:7      | Found Zanack's Antique Armour Boutique.
  7364 | D:7      | Reached ** piety under Vehumet
  7424 | D:7      | Found Puovap's Antique Weapon Emporium.
  7558 | D:7      | Noticed Joseph
  7572 | D:7      | Killed Joseph
  7670 | D:7      | Noticed an orc sorcerer
  7672 | D:7      | Noticed a wizard
  7676 | D:7      | Paralysed by an orc sorcerer for 2 turns
  7677 | D:7      | Killed an orc sorcerer
  7678 | D:7      | Reached skill level 9 in Spellcasting
  7678 | D:7      | Killed a wizard
  7805 | D:7      | Identified the scarf of the Evening Star {shadows, rF+
                  | Will- Regen+}
  8181 | D:7      | Found Dolomusith's Distillery.
  8187 | D:7      | Bought a potion of heal wounds for 70 gold pieces
  8187 | D:7      | Bought a potion of heal wounds for 70 gold pieces
  8187 | D:7      | Bought a potion of heal wounds for 70 gold pieces
  8211 | D:7      | Found Huple's Jewellery Emporium.
  8573 | D:8      | Reached XP level 10. HP: 64/64 MP: 18/23
  8580 | D:8      | Reached skill level 1 in Fighting
  8580 | D:8      | Reached skill level 10 in Spellcasting
  9019 | D:8      | Found a sparkling altar of Nemelex Xobeh.
  9096 | D:8      | Offered knowledge of Kindle Blastsparks by Vehumet.
  9679 | D:8      | Reached skill level 10 in Ice Magic
  9841 | D:9      | Reached *** piety under Vehumet
 10179 | D:9      | Found a basalt altar of Yredelemnul.
 10202 | D:9      | Offered knowledge of Airstrike by Vehumet.
 10420 | D:9      | Gained mutation: A weak demonic guardian rushes to your
                  | aid. [demonic ancestry]
 10420 | D:9      | Reached XP level 11. HP: 66/78 MP: 18/25
 10511 | D:9      | Reached **** piety under Vehumet
 10851 | D:9      | You fall into a shaft and drop 1 floor!
 10851 | D:10     | Entered Level 10 of the Dungeon
 11221 | D:10     | Reached skill level 5 in Fighting
 11221 | D:10     | Reached skill level 5 in Dodging
 11226 | D:10     | Offered knowledge of Freezing Cloud by Vehumet.
 11227 | D:10     | Reached skill level 11 in Spellcasting
 11373 | D:10     | Learned a level 5 spell: Freezing Cloud
 11685 | D:10     | Identified the +8 chain mail of Pan-Flutes {Harm rElec
                  | rPois Int-5}
 11695 | D:10     | Noticed an oklob plant
 11702 | D:10     | Noticed an oklob plant
 12198 | D:11     | Reached skill level 1 in Conjurations
 12248 | D:11     | Reached skill level 1 in Shields
 12950 | D:11     | Noticed Nergalle
 12962 | D:11     | Killed Nergalle
 13246 | D:12     | Noticed Maurice
 13264 | D:12     | Killed Maurice
 13484 | D:12     | Gained mutation: Your spells are a little harder to cast,
                  | but a little more powerful. [potion of mutation]
 13484 | D:12     | Gained mutation: [You are frail. (-10% HP)] [potion of
                  | mutation]
 13489 | D:12     | Noticed a boulder beetle
 14003 | D:12     | Noticed a fire dragon
 14094 | D:12     | Killed a fire dragon
 14095 | D:12     | Gained mutation: You are mostly covered in sharp spines.
                  | [demonic ancestry]
 14095 | D:12     | Reached XP level 12. HP: 63/80 MP: 9/27
 14321 | D:12     | Identified the +4 trident "Sameomp" {freeze, Stlth+}
 14395 | D:12     | Killed a boulder beetle
 14515 | D:12     | Reached ***** piety under Vehumet
 14549 | D:12     | Noticed a boulder beetle
 14571 | D:12     | Killed a boulder beetle
 14571 | D:12     | Offered knowledge of Iskenderun's Mystic Blast by Vehumet.
 14684 | D:12     | Learned a level 5 spell: Fireball
 15118 | D:12     | Found a staircase to the Orcish Mines.
 15451 | D:7      | Bought an amulet of regeneration for 390 gold pieces
 16127 | Orc:1    | Entered Level 1 of the Orcish Mines
 16342 | Orc:2    | Entered Level 2 of the Orcish Mines
 16401 | Orc:2    | Found a staircase to the Elven Halls.
 16480 | Orc:2    | Noticed Donald
 17321 | Orc:1    | You fall into a shaft and drop 1 floor!
 17341 | Orc:2    | Found Coufurph's General Store.
 17352 | Orc:2    | Bought a wand of iceblast (8) for 268 gold pieces
 17352 | Orc:2    | Bought a scroll of immolation for 56 gold pieces
 17352 | Orc:2    | Bought a scroll of noise for 14 gold pieces
 17441 | Orc:2    | Noticed a centaur warrior
 17453 | Orc:2    | Killed a centaur warrior
 17454 | Orc:2    | Reached skill level 5 in Conjurations
 17484 | Orc:2    | Reached skill level 12 in Spellcasting
 17587 | Orc:2    | Noticed a centaur warrior
 17590 | Orc:2    | Killed a centaur warrior
 17851 | Orc:2    | Reached skill level 5 in Shields
 18068 | Orc:2    | Found Uroagyx's Weapon Shop.
 18068 | Orc:2    | Found Difad's Jewellery Emporium.
 18069 | Orc:2    | Found Gacuex's General Store.
 18071 | Orc:2    | Found Riosk's Antique Armour Boutique.
 18088 | Orc:2    | Bought a book of Cantrips for 144 gold pieces
 18088 | Orc:2    | Bought a wand of iceblast (3) for 86 gold pieces
 18105 | Orc:2    | Killed Donald
 18360 | Orc:2    | Found Jegoyd Zao's Magic Scroll Emporium.
 18368 | Orc:2    | Bought a scroll of fear for 52 gold pieces
 18368 | Orc:2    | Bought a scroll of teleportation for 39 gold pieces
 18368 | Orc:2    | Bought a scroll of fear for 52 gold pieces
 18368 | Orc:2    | Bought a scroll of identify for 26 gold pieces
 18368 | Orc:2    | Bought a scroll of identify for 26 gold pieces
 18368 | Orc:2    | Bought a scroll of identify for 26 gold pieces
 18368 | Orc:2    | Bought a scroll of identify for 26 gold pieces
 18679 | D:12     | Learned a level 1 spell: Apportation
 18739 | D:13     | Found Poeghem's Jewellery Emporium.
 18863 | D:13     | Noticed a two-headed ogre
 18879 | D:13     | Killed a two-headed ogre
 18880 | D:13     | Gained mutation: A demonic guardian rushes to your aid.
                  | [demonic ancestry]
 18880 | D:13     | Reached XP level 13. HP: 88/88 MP: 20/29
 19137 | D:13     | Noticed Rupert
 19508 | D:10     | Found a staircase to the Lair.
 19811 | Lair:1   | Entered Level 1 of the Lair of Beasts
 19832 | Lair:1   | Found a gate leading to a gauntlet.
 19856 | Gauntlet | Entered a Gauntlet
 19856 | Gauntlet | Found a transporter.
 19856 | Gauntlet | Found a large runed translucent door.
 19856 | Gauntlet | Found a large runed translucent door.
 19856 | Gauntlet | Found a large runed translucent door.
 19856 | Gauntlet | Found a large runed translucent door.
 19856 | Gauntlet | Found a runed translucent door.
 19856 | Gauntlet | Found a runed translucent door.
 19856 | Gauntlet | Found a large runed translucent door.
 19856 | Gauntlet | Found a large runed translucent door.
 19856 | Gauntlet | Found a large runed translucent door.
 19856 | Gauntlet | Found a large runed translucent door.
 19873 | Gauntlet | Found a large runed translucent door.
 19873 | Gauntlet | Found a large runed translucent door.
 19918 | Gauntlet | Found a large runed translucent door.
 19919 | Gauntlet | Found a large runed translucent door.
 19919 | Gauntlet | Found a large runed translucent door.
 19920 | Gauntlet | Found a runed translucent gate.
 19920 | Gauntlet | Found a runed translucent gate.
 19922 | Gauntlet | Found a transporter.
 19924 | Gauntlet | Found a transporter.
 19938 | Gauntlet | Found a transporter.
 19948 | Gauntlet | Found a transporter.
 19953 | Gauntlet | Found a transporter.
 19973 | Gauntlet | Found a transporter.
 19988 | Gauntlet | Found a transporter.
 20009 | Gauntlet | Found a transporter.
 20015 | Gauntlet | Found a transporter.
 20017 | Gauntlet | Noticed a quicksilver ooze
 20031 | Gauntlet | Found the +3 Elemental Staff {rElec rF++ rC++ AC+5}
 20032 | Gauntlet | Found a transporter.
 20047 | Gauntlet | Found a transporter.
 20048 | Gauntlet | Noticed a quicksilver ooze
 20056 | Gauntlet | Found a transporter.
 20073 | Gauntlet | Found a transporter.
 20091 | Gauntlet | Found a transporter.
 20093 | Gauntlet | Found a transporter.
 20115 | Gauntlet | Found a large runed translucent door.
 20116 | Gauntlet | Found a large runed translucent door.
 20116 | Gauntlet | Found a large runed translucent door.
 20117 | Gauntlet | Found a runed translucent gate.
 20121 | Gauntlet | Found a transporter.
 20210 | Gauntlet | Found a transporter.
 20544 | Gauntlet | Identified the ring "Minentor" {Fire rCorr Int+3 Dex+3}
 20605 | Gauntlet | Identified the +1 chain mail "Netsuw" {rElec Str-5 Dex-2
                  | Slay+5}
 20605 | Gauntlet | Noticed a minotaur
 20622 | Gauntlet | Killed a minotaur
 20793 | Lair:1   | You fall into a shaft and drop 1 floor!
 20861 | Lair:2   | Found a staircase to the Swamp.
 21150 | Lair:1   | Reached skill level 1 in Staves
 21150 | Lair:1   | Reached skill level 1 in Evocations
 21727 | Lair:2   | Found a blossoming altar of Fedhas.
 21875 | Lair:2   | Found a sparkling altar of Nemelex Xobeh.
 22541 | Lair:3   | Identified the +1 leather armour of the Lute {Harm rElec
                  | rC+}
 23179 | Lair:3   | Reached skill level 13 in Spellcasting
 23852 | Lair:3   | Found a staircase to the Snake Pit.
 24023 | Lair:4   | Reached XP level 14. HP: 97/97 MP: 27/31
 24147 | Lair:4   | Found a staircase to the Slime Pits.
 25243 | Lair:5   | Entered Level 5 of the Lair of Beasts
 25459 | Lair:5   | Reached skill level 10 in Fighting
 25459 | Lair:5   | Offered knowledge of Ozocubu's Refrigeration by Vehumet.
 26110 | Lair:5   | Reached skill level 5 in Evocations
 26662 | Lair:5   | Reached skill level 5 in Staves
 27217 | Lair:5   | Learned a level 7 spell: Ozocubu's Refrigeration
 27585 | Lair:5   | Reached skill level 10 in Dodging
 27626 | Lair:5   | Found a corrupted altar of Lugonu.
 27626 | Lair:5   | Found a one-way gate to the infinite horrors of the Abyss.
 28055 | D:13     | Killed Rupert
 28418 | D:15     | Entered Level 15 of the Dungeon
 28449 | D:15     | Gained mutation: You have a pair of large horns on your
                  | head. [demonic ancestry]
 28449 | D:15     | Reached XP level 15. HP: 99/105 MP: 11/32
 28935 | D:15     | Offered knowledge of Spellforged Servitor by Vehumet.
 29132 | D:15     | Noticed Kirke
 29193 | D:14     | Killed Kirke
 29502 | D:15     | Reached skill level 14 in Spellcasting
 29551 | D:15     | Found a staircase to the Depths.
 29795 | D:14     | Noticed Snorg
 29803 | D:14     | Killed Snorg
 29915 | D:14     | Found a broken altar of Ashenzari.
 30156 | D:14     | Paralysed by something for 4 turns
 30248 | D:14     | Found a gate to the Vaults.
 31140 | Snake:1  | Entered Level 1 of the Snake Pit
 31179 | Snake:1  | Lost mutation: Your spells are a little harder to cast, but
                  | a little more powerful. [potion of mutation]
 31179 | Snake:1  | Lost mutation: [You are frail. (-10% HP)] [potion of
                  | mutation]
 31179 | Snake:1  | Gained mutation: Your body sometimes deteriorates upon
                  | taking damage. [potion of mutation]
 31910 | Snake:1  | Reached ****** piety under Vehumet
 32101 | Snake:1  | Offered knowledge of Yara's Violent Unravelling by Vehumet.
 32319 | Snake:1  | Reached XP level 16. HP: 107/127 MP: 26/34
 33170 | Snake:2  | Identified the +3 chain mail of Kepehaag {rPois SInv
                  | Stlth+}
 33341 | Snake:2  | Identified the +5 hand axe "Deib" {speed, +Blink Str+3}
 33948 | Snake:3  | Identified the +2 spear of Prudence {flame, rPois rC+}
 34344 | Snake:3  | Offered knowledge of Arcjolt by Vehumet.
 34625 | Snake:3  | Reached skill level 15 in Spellcasting
 35371 | Snake:4  | Entered Level 4 of the Snake Pit
 35527 | Snake:4  | Learned a level 5 spell: Irradiate
 35575 | Snake:4  | HP: 5/129 [nagaraja/bolt of poison (33)]
 35918 | Snake:4  | Identified the +5 whip of the Wasteland {flame, rElec rPois
                  | Dex+5}
 36195 | Snake:4  | Reached XP level 17. HP: 115/136 MP: 6/36
 37388 | Snake:4  | Offered knowledge of Eringya's Noxious Bog by Vehumet.
 38436 | Snake:4  | Got a serpentine rune of Zot
 38602 | Snake:3  | Learned a level 6 spell: Simulacrum
 38818 | Swamp:1  | Entered Level 1 of the Swamp
 40188 | Swamp:2  | Noticed Jorgrun
 40194 | Swamp:2  | Killed Jorgrun
 41786 | Swamp:2  | Noticed Roxanne
 42041 | Swamp:2  | Offered knowledge of Maxwell's Capacitive Coupling by
                  | Vehumet.
 42045 | Swamp:2  | Identified a scroll of acquirement
 42048 | Swamp:2  | Acquired the +0 pair of fencer's gloves {Riposte Dex+3}
 42048 | Swamp:2  | Found the +0 pair of fencer's gloves {Riposte Dex+3}
 42961 | Swamp:3  | Paralysed by a fenstrider witch for 4 turns
 43371 | Swamp:3  | Reached XP level 18. HP: 145/145 MP: 24/37
 43750 | Swamp:4  | Entered Level 4 of the Swamp
 44317 | Swamp:4  | Noticed a tentacled monstrosity
 44335 | Swamp:4  | Killed a tentacled monstrosity
 44470 | Swamp:4  | Reached skill level 10 in Conjurations
 45894 | Swamp:4  | Got a decaying rune of Zot
 46280 | D:7      | Bought a potion of magic for 112 gold pieces
 46280 | D:7      | Bought a potion of magic for 112 gold pieces
 46687 | Vaults:1 | Entered Level 1 of the Vaults
 46889 | Vaults:1 | Reached skill level 16 in Spellcasting
 47197 | Vaults:1 | Offered knowledge of Fire Storm by Vehumet.
 47197 | Vaults:1 | Offered knowledge of Shatter by Vehumet.
 47197 | Vaults:1 | Offered knowledge of Polar Vortex by Vehumet.
 47562 | Vaults:1 | Found Goucsote's Antique Weapon Shoppe.
 48189 | Vaults:1 | Paralysed by a great orb of eyes for 3 turns
 48872 | Vaults:2 | Reached skill level 10 in Staves
 49212 | Vaults:2 | Found a staircase to the Crypt.
 49735 | Vaults:2 | Gained mutation: Your magical and physical power is
                  | slightly enhanced at high health. [demonic ancestry]
 49735 | Vaults:2 | Reached XP level 19. HP: 153/153 MP: 26/39
 50642 | Vaults:2 | Found Doadug's Distillery.
 50788 | Vaults:2 | Bought a potion of heal wounds for 90 gold pieces
 50788 | Vaults:2 | Bought a potion of invisibility for 144 gold pieces
 50788 | Vaults:2 | Bought a potion of heal wounds for 90 gold pieces
 50788 | Vaults:2 | Bought a potion of curing for 54 gold pieces
 50788 | Vaults:2 | Bought a potion of heal wounds for 90 gold pieces
 50788 | Vaults:2 | Bought a potion of mutation for 144 gold pieces
 51282 | Vaults:3 | Reached skill level 15 in Ice Magic
 51293 | Vaults:3 | Reached skill level 15 in Fighting
 51439 | Abyss:2  | Cast into level 2 of the Abyss (a wizard)
 52072 | Abyss:2  | Found a corrupted altar of Lugonu.
 52117 | Abyss:3  | Gained mutation: Your spells are a little easier to cast,
                  | but a little less powerful. [a neqoxec]
 52170 | Abyss:3  | Noticed a juggernaut
 52189 | Abyss:3  | Killed a juggernaut
 52196 | Abyss:3  | Got an abyssal rune of Zot
 52356 | Abyss:3  | Noticed a bone dragon
 52427 | Abyss:3  | Found a corrupted altar of Lugonu.
 52582 | Abyss:5  | Found a corrupted altar of Lugonu.
 52701 | Abyss:5  | Noticed a profane servitor
 52790 | Abyss:7  | Entered Level 7 of the Abyss
 52844 | Abyss:7  | Gained mutation: Your body often deteriorates upon taking
                  | damage. [a neqoxec]
 52847 | Abyss:7  | Gained mutation: You are vulnerable to heat. (rF-) [a
                  | neqoxec]
 52855 | Abyss:7  | Noticed a profane servitor
 52855 | Abyss:7  | Killed from afar by a smoke demon

Illustrated notes

Levels and vault maps discovered:
D:1:      evilmike_arrival_rings, layout_basic, ebering_ecumenical_altar_webs
D:2:      layout_rooms, uniq_natasha
D:3:      cheibrodos_fertilizer, layout_basic
D:4:      cheibrodos_pilgrimage, layout_loops_cross, makhleb_altar_promises_db,
          minmay_temple_entry_trees, uniq_menkaure
D:5:      layout_basic, gammafunk_temple_overflow_wave, uniq_ijyb
D:6:      layout_cave_pools, marbit_many_paths, serial_shops,
          kennysheep_mini_moat
D:7:      cheibrodos_wizards_tower, layout_basic, lemuel_tele_altar,
          serial_shops, nicolae_shop_advertising_works
          [nicolae_subvault_shop_adworks], nicolae_shop_behind_doors,
          nicolae_shop_trees, shop, nicolae_shop_behind_doors, uniq_joseph
D:8:      layout_basic, mainiacjoe_overflow_tiny_flanked,
          minmay_gold_behind_fungi, kennysheep_generic_room_12
D:9:      layout_gridville, nicolae_yredelemnul_corpse_copse
D:10:     layout_layer_cave, dpeg_oklobed_lair
D:11:     layout_irregular_city, uniq_nergalle
D:12:     dragon1_lemuel, layout_irregular_city, hiddenorc1_lemuel,
          bh_circular_ruins, uniq_maurice
D:13:     layout_cave_pools, serial_shops, kennysheep_mini, uniq_rupert
D:14:     erik_rubicon_a, layout_irregular_city, david_vaults_2,
          cheibrodos_ashenzari_chains, uniq_snorg
D:15:     hangedman_depths_entry_civil_slaughter, layout_stronghold,
          corexii_corridor_pit, uniq_kirke
Temple:   nicolae_temple_bog_church
Lair:1:   layout_cave_shapes, gauntlet_entry_generic
Lair:2:   layout_roguey, swamp_mist, basic_altar, tgw_fedhas
Lair:3:   layout_small_grid, nicolae_snake_entry_squirm,
          hangedman_lair_generics_rect
Lair:4:   layout_regular_city, slime_entry_1
Lair:5:   hellmonk_lair_end_abyssal_woods, layout_small_grid
Swamp:1:  layout_basic_swamp, evilmike_swamp_ruin_house_5
Swamp:2:  nzn_winding_woodlands_three_and_one
          [nzn_winding_woodlands_5x15_pockets, nzn_winding_woodlands_5x15_pool,
          nzn_winding_woodlands_5x15_pathside_ponds,
          nzn_winding_woodlands_center_diamonds], layout_basic_swamp,
          wheals_swamp_sinkhole, uniq_roxanne, uniq_jorgrun
Swamp:3:  layout_basic_swamp, evilmike_swamp_ruin_house_3, swamp_pool5,
          nicolae_swamp_spriggan_camp, infiniplex_staircase_pool
Swamp:4:  swamp_icy, layout_basic_swamp, swamp_pool3
Snake:1:  layout_onion, serial_bayou_shore_a, nicolae_integral_box
Snake:2:  layout_onion_interference
Snake:3:  layout_misc_corridors, nicolae_snake_serpentine_hallways
Snake:4:  johnstein_snake_rune_scales, layout_cave_town, grunt_megastairs_5
Orc:1:    layout_diamond_mine, basic_altar
Orc:2:    st_orc_rangers, layout_diamond_mine, serial_shops, shop_statue,
          nicolae_lakefront_shop, uniq_donald
Vaults:1: vaults_mumra_chevron_long, nicolae_vaults_quadrants,
          vaults_room_fours, dpeg_vaults_monster_box, v_pattern_2,
          vaults_room_fancy_cross, hangedman_vaults_hat,
          layout_vaults_chaotic_city, serial_shops, nicolae_square_shop
Vaults:2: vaults_dpeg_diagonal, nicolae_vaults_network_s, v_misc_26,
          minmay_crypt_entry_simple_box, v_misc_10,
          vaults_room_grunt_arrival_ludios, vaults_room_pools,
          nicolae_vaults_windows_and_doors_thing, layout_vaults_quadrants,
          serial_shops, nicolae_shop_window_shopping
Vaults:3: gammafunk_ghost_wrathful_warriors, nicolae_vaults_know_your_exits,
          ontoclasm_vaults_bender, ontoclasm_vaults_fault,
          vaults_room_fancy_cross, nicolae_vaults_border_crossing,
          ontoclasm_vaults_idyll, vaults_room_door_ring, vaults_mumra_lcd,
          nicolae_vaults_little_ls, v_alt_pattern_1, grunt_vaults_swirl,
          hangedman_vaults_restitches, nicolae_vaults_specimen_jars,
          grunt_vaults_hallway_long, layout_vaults_maze_bifur, serial_shops,
          nicolae_shop_statue_plus
Abyss:7:  base: Lair:5, spicy_abyss_helpful_harpoons, evilmike_abyss_exit_5

Skill      XL: |  1  2  3  4  5  6  7  8  9 10 11 12 13 14 15 16 17 18 19 |
---------------+----------------------------------------------------------+-----
Spellcasting   | 3 4 5 6 8 9 10 11 12 13 14 15 16 | 16.9
Ice Magic      | 4 5 6 8 9 10 11 12 13 14 15 | 15.6
Dodging        | 2 4 6 7 9 10 11 12 13 14 | 14.3
Fighting       | 4 6 8 9 10 11 13 14 15 | 15.4
Conjurations   | 3 6 7 9 10 | 10.5
Shields        | 3 5 |  5.1
Staves         | 3 5 7 8 9 10 11 | 11.0
Evocations     | 3 5 6 8 |  8.6
Stealth        | 3 |  3.9

Action                     |  1- 3 |  4- 6 |  7- 9 | 10-12 | 13-15 | 16-18 | 19-21 || total
---------------------------+-------+-------+-------+-------+-------+-------+-------++-------
  Melee: Dagger            |    38 |    51 |    62 |   153 |       |       |       ||   304
         Unarmed           |     2 |       |       |       |    13 |       |       ||    15
         Punch             |     1 |       |       |     4 |     4 |       |       ||     9
         Headbutt          |       |     2 |    14 |    56 |    75 |   181 |    93 ||   421
         Trident           |       |       |       |    58 |    30 |       |       ||    88
         Staff             |       |       |       |       |   280 |   504 |   209 ||   993
   Cast: Freeze            |    33 |    27 |    85 |    66 |    86 |    10 |     1 ||   308
         Frozen Ramparts   |       |    13 |    45 |    85 |    38 |    28 |     5 ||   214
         Ozocubu's Armour  |       |     3 |    24 |    67 |    83 |    81 |    30 ||   288
         Summon Ice Beast  |       |       |       |    77 |   112 |   127 |    14 ||   330
         Freezing Cloud    |       |       |       |    14 |   104 |   179 |    16 ||   313
         Apportation       |       |       |       |     1 |     3 |       |       ||     4
         Fireball          |       |       |       |     1 |       |    28 |       ||    29
         Ozocubu's Refrige |       |       |       |       |     1 |   124 |    68 ||   193
         Simulacrum        |       |       |       |       |       |     4 |       ||     4
         Irradiate         |       |       |       |       |       |     5 |     9 ||    14
  Evoke: Wand              |       |       |     3 |    11 |     9 |     1 |     2 ||    26
         Box of beasts     |       |       |       |       |     1 |     1 |     1 ||     3
         Condenser vane    |       |       |       |       |       |     1 |     2 ||     3
         Tin of tremorston |       |       |       |       |       |       |     2 ||     2
    Use: Potion            |     2 |     1 |     2 |     2 |     5 |     6 |    18 ||    36
         Scroll            |       |       |       |    15 |     3 |    10 |     5 ||    33
   Stab: Sleeping          |     7 |     8 |     3 |     4 |       |     5 |       ||    27
         Distracted        |       |       |       |     2 |     4 |    15 |     6 ||    27
         Confused          |       |       |       |       |       |     1 |       ||     1
         Invisible         |       |       |       |       |       |       |     2 ||     2
 Armour: Robe              |     9 |    15 |    42 |    87 |   147 |   145 |    83 ||   528
  Dodge: Dodged            |    31 |    34 |   105 |   441 |   612 |   600 |   247 ||  2070
  Block: Buckler           |       |       |       |       |       |   176 |    83 ||   259
Riposte: Staff             |       |       |       |       |       |    78 |    65 ||   143

Table legend: (Time is in decaauts)
 A = Elapsed time spent in this place.
 B = Non-inter-level travel time spent in this place.
 C = Inter-level travel time spent in this place.
 D = Time resting spent in this place.
 E = Time spent auto-exploring this place.
 F = Levels seen in this place.
 G = Mean time per level.
                   A        B        C        D        E       F      G
               +--------+--------+--------+--------+--------+-----+--------+
         Total |  53143 |  49715 |   3428 |   8158 |  33040 |  41 | 1296.2 |
       Dungeon |  20823 |  18948 |   1875 |   3131 |  12899 |  15 | 1388.2 |
        Temple |    209 |    171 |     38 |      0 |    156 |   1 |  209.0 |
          Lair |   7446 |   6672 |    774 |    319 |   5216 |   5 | 1489.2 |
         Swamp |   7516 |   7213 |    303 |   1232 |   4852 |   4 | 1879.0 |
     Snake Pit |   7667 |   7460 |    207 |   1816 |   4485 |   4 | 1916.8 |
  Orcish Mines |   2484 |   2359 |    125 |    763 |   1132 |   2 | 1242.0 |
        Vaults |   4737 |   4635 |    102 |    583 |   3394 |   3 | 1579.0 |
         Abyss |   1368 |   1368 |      0 |    121 |    538 |   6 |  228.0 |
      Gauntlet |    890 |    890 |      0 |    192 |    367 |   1 |  890.0 |
               +--------+--------+--------+--------+--------+-----+--------+

Top non-repeatable levels by time:
 Snake:4: 2886 daAuts
Vaults:2: 2784 daAuts
 Swamp:2: 2426 daAuts
  Lair:5: 2372 daAuts
    D:10: 2349 daAuts
 Swamp:4: 2313 daAuts
    D:12: 2055 daAuts
 Snake:3: 1846 daAuts
  Lair:3: 1845 daAuts
 Snake:1: 1772 daAuts
Vaults:1: 1737 daAuts
    D:11: 1626 daAuts
     D:8: 1565 daAuts
    D:14: 1472 daAuts
    D:15: 1434 daAuts
